Map: [ESL] Royal Blood

Players

SpeCial - Winner!

  • Race: Terran Terran
  • Spawn Location: 1:00

Cham

  • Race: Zerg Zerg
  • Spawn Location: 7:00

Event: ESL SC2 Masters 2023 Summer (Regionals)

VOD

Have the link to the VOD?

Description

Time

  • Played on: May 18, 2023, 2:41 p.m.
  • Length: 15:39

All games in this series

Show
View Real Time Build Order
Export as new Build Order

SpeCial Terran - Winner!

Build Orders:  

Get SALT Encoding   

  12  0:00  SCV  
  13  0:12  SCV  
  14  0:17  Supply Depot  
  14  0:24  SCV  
  15  0:39  SCV  
  15  0:40  Barracks  
  16  0:43  Refinery  
  16  0:51  SCV  
  17  0:58  Barracks  
  17  1:03  SCV  
  18  1:15  SCV  
  19  1:27  Reaper  
  19  1:28  Orbital Command  
  19  1:32  Supply Depot  
  20  1:46  Reaper  
  21  1:54  SCV  
  22  2:02  Reaper  
  22  2:06  SCV  
  24  2:10  Command Center  
  24  2:18  SCV  
  24  2:21  Barracks  
  25  2:25  Barracks Reactor  
  25  2:30  SCV  
  25  2:34  Barracks Tech Lab  
  26  2:42  SCV  
  27  2:45  Barracks, Supply Depot  
  27  2:53  Marine  
  27  2:54  SCV  
  29  3:03  Marine x2  
  31  3:08  SCV  
  31  3:10  Stimpack  
  31  3:11  Marine  
  33  3:15  Barracks Tech Lab  
  33  3:20  SCV  
  33  3:21  Marine x2  
  33  3:24  Orbital Command  
  36  3:32  SCV  
  37  3:35  Marine x2  
  37  3:40  Marine x3  
  42  3:45  SCV  
  43  3:50  Supply Depot  
  43  3:52  SCV  
  43  3:53  Combat Shield  
  44  3:56  Marine x2  
  44  3:57  SCV, Marine  
  44  4:00  Marine  
  49  4:03  Marine  
  49  4:04  SCV  
  49  4:09  SCV  
  52  4:14  Marine x2  
  52  4:15  Marine, Supply Depot  
  52  4:16  SCV  
  56  4:19  Marine  
  56  4:21  Marine, SCV  
  59  4:28  SCV  
  60  4:32  Marine x2  
  60  4:37  Marine x2, SCV  
  65  4:39  Command Center  
  65  4:40  SCV  
  66  4:47  Supply Depot  
  66  4:49  Marine, Factory  
  67  4:54  SCV  
  67  4:56  SCV  
  67  4:58  Marine  
  70  5:04  Refinery  
  70  5:05  Refinery  
  70  5:06  SCV  
  68  5:08  SCV  
  68  5:10  Marine x3  
  68  5:11  Marine, Supply Depot  
  73  5:18  SCV  
  73  5:20  SCV  
  74  5:23  Marine  
  74  5:28  Marine  
  71  5:31  SCV  
  71  5:32  Engineering Bay  
  71  5:33  Engineering Bay  
  71  5:34  SCV  
  71  5:39  Starport  
  71  5:40  Factory Reactor  
  71  5:41  Marine x2  
  71  5:42  Barracks Reactor  
  73  5:46  SCV x2  
  73  5:48  Barracks  
  73  5:49  Marine  
  77  5:51  Barracks Reactor  
  76  5:58  SCV x2, Marine  
  76  6:00  Refinery  
  78  6:09  Marine x2  
  78  6:10  SCV  
  72  6:14  Orbital Command  
  72  6:17  Terran Infantry Weapons Level 1, Marine, Terran Infantry Armor Level 1  
  72  6:18  Marine x2  
  70  6:19  SCV  
  70  6:23  SCV  
  72  6:27  Marine  
  72  6:30  Supply Depot  
  72  6:31  SCV, Marine x3  
  77  6:34  Medivac  
  77  6:35  Marine x2  
  77  6:36  Medivac  
  77  6:38  Barracks Reactor  
  83  6:40  SCV  
  83  6:41  SCV  
  83  6:43  SCV  
  83  6:45  Supply Depot  
  81  6:52  Siege Tank  
  81  6:53  SCV x2  
  85  6:56  Bunker  
  85  6:57  Marine x6  
  85  7:00  Marine  
  92  7:03  SCV  
  92  7:05  SCV x2  
  95  7:09  Medivac x2  
  95  7:12  Supply Depot  
  95  7:14  Refinery  
  95  7:15  SCV  
  100  7:16  Marine x5  
  100  7:17  SCV  
  100  7:18  Marine  
  100  7:22  Armory  
  107  7:24  SCV  
  107  7:27  SCV  
  107  7:29  SCV  
  110  7:30  Marine x3  
  110  7:33  Marine  
  110  7:34  Supply Depot  
  110  7:35  Marine, Siege Tank  
  110  7:36  SCV  
  119  7:39  Marine, Refinery  
  119  7:42  Marine x3, Factory  
  123  7:48  Marine x2  
  125  7:55  Sensor Tower  
  125  7:56  Marine x3, Marauder  
  125  7:57  Supply Depot  
  130  8:01  Marine x3  
  130  8:03  Medivac  
  130  8:05  SCV  
  136  8:06  Marine  
  136  8:07  Supply Depot  
  136  8:08  Medivac  
  139  8:14  Marine x2  
  139  8:17  Marine  
  139  8:18  Marauder, Supply Depot  
  143  8:22  Siege Tank  
  146  8:28  Terran Infantry Weapons Level 2  
  146  8:30  Marine x2  
  146  8:32  Marine  
  149  8:35  SCV x2  
  149  8:36  Factory Tech Lab, Supply Depot  
  149  8:38  Terran Infantry Armor Level 2  
  149  8:40  Marine, Marauder  
  154  8:47  Marine x3  
  154  8:48  Marine x3  
  155  8:54  Siege Tank  
  155  8:59  Marine x2  
  155  9:00  Medivac x2  
  155  9:01  Marauder  
  162  9:04  Marine  
  162  9:05  Marine x2  
  162  9:06  Marine  
  162  9:07  Marine  
  163  9:19  Marine x2, Siege Tank  
  163  9:22  Marine x2  
  163  9:23  Marauder  
  172  9:24  Supply Depot  
  171  9:32  Command Center  
  171  9:36  Terran Vehicle Weapons Level 1  
  171  9:41  Marine x2  
  173  9:45  Medivac  
  173  9:46  Siege Tank  
  173  9:49  Marine  
  162  9:56  Siege Tank  
  162  9:59  Marine x3  
  156  10:00  Marine x4  
  156  10:06  Marine  
  160  10:07  Barracks  
  160  10:09  Barracks  
  160  10:10  Barracks  
  160  10:12  Barracks Tech Lab  
  160  10:17  Marine x3  
  160  10:18  Siege Tank  
  160  10:19  Marine x3  
  169  10:22  Marine  
  169  10:24  Marine, Missile Turret  
  169  10:27  Liberator x2  
  177  10:31  Marauder  
  177  10:35  Marine x3  
  179  10:37  Marine x3  
  172  10:43  Marine  
  172  10:44  Siege Tank  
  172  10:45  Marine  
  158  10:51  Siege Tank  
  158  10:52  Marauder  
  158  10:53  Marine x3  
  158  10:54  Marine x2  
  158  10:55  Marine  
  156  11:01  Marine  
  156  11:02  Marine  
  148  11:08  Orbital Command  
  148  11:10  Marine  
  148  11:11  Marine  
  139  11:12  Marine  
  139  11:14  Marauder  
  139  11:16  Siege Tank  
  141  11:19  Marine  
  141  11:21  Marine  
  141  11:23  Siege Tank  
  141  11:24  Marine  
  140  11:29  SCV x2  
  140  11:30  Marine  
  140  11:31  Marine  
  137  11:35  Marauder  
  137  11:36  Medivac x2  
  137  11:38  Marine  
  140  11:41  SCV, Marine  
  140  11:45  SCV x2  
  144  11:49  Siege Tank  
  144  11:50  Barracks Reactor, Barracks Tech Lab x2  
  144  11:51  Orbital Command  
  144  11:53  SCV  
  145  11:55  Siege Tank  
  145  11:57  Marauder  
  145  11:59  Marine  
  130  12:01  Marine x2  
  130  12:03  SCV  
  130  12:11  Marine  
  130  12:12  Marauder  
  130  12:13  Orbital Command  
  130  12:14  Marine  
  133  12:16  Marine  
  133  12:18  Marauder  
  133  12:21  Siege Tank  
  133  12:22  Marine x2  
  139  12:25  SCV  
  139  12:28  Marine, Missile Turret  
  139  12:29  Marine x2  
  145  12:30  Marine  
  145  12:39  Terran Infantry Weapons Level 3, Marauder  
  145  12:40  Siege Tank  
  140  12:45  Marine  
  140  12:46  Marauder  
  140  12:49  Marine, Marauder  
  133  12:54  Concussive Shells  
  133  12:55  Marine x7  
  140  12:59  SCV x4  
  140  13:01  Marauder  
  146  13:07  Marauder, Sensor Tower  
  146  13:11  Medivac  
  146  13:12  SCV, Siege Tank, Marauder  
  156  13:15  Marine x2  
  156  13:18  Marine  
  156  13:23  Missile Turret  
  156  13:43  Ghost Academy  
  156  13:44  SCV, Refinery  
  156  13:58  Marine x3  
  156  13:59  Marine x2, SCV  
  156  14:00  Marine  
  156  14:02  Marauder  
  156  14:03  Marine x2  
  156  14:04  Marauder  
  156  14:15  Supply Depot x2  
  156  14:17  Supply Depot  
  156  14:18  Marauder, Siege Tank x2  
  156  14:19  Supply Depot  
  156  14:21  Marine x6  
  164  14:35  SCV, Medivac x2  
  164  14:36  Marine  
  164  14:37  Marauder x2  
  166  14:39  Marine  
  166  14:40  Marauder  
  166  14:42  Marine  
  162  14:46  SCV x2  
  162  14:48  Marine x2  
  162  14:50  Siege Tank  
  168  14:54  Siege Tank  
  168  14:58  Marauder x2  
  175  15:00  Marine x2  
  175  15:01  Marauder  
  175  15:06  Command Center  
  185  15:15  Marine  
  185  15:19  Marine  
  185  15:20  Marine  
Show
View Real Time Build Order
Export as new Build Order

Cham Zerg 

Build Orders: Hatch First 

Get SALT Encoding   

  12  0:00  Drone  
  13  0:10  Drone  
  14  0:19  Overlord  
  14  0:38  Drone x2  
  16  0:48  Hatchery  
  15  0:51  Drone  
  15  0:55  Drone  
  17  1:00  Drone  
  18  1:11  Spawning Pool  
  18  1:15  Extractor  
  18  1:16  Drone  
  17  1:22  Drone  
  18  1:33  Drone  
  19  1:46  Drone  
  20  1:53  Drone  
  21  1:59  Queen x2  
  21  2:00  Zergling x2  
  26  2:04  Zergling x2  
  27  2:12  Drone  
  27  2:14  Overlord  
  28  2:25  Drone  
  28  2:30  Hatchery  
  28  2:32  Drone  
  28  2:33  Drone  
  30  2:44  Metabolic Boost  
  30  2:47  Drone x3  
  31  3:02  Zergling x4  
  31  3:05  Queen, Overlord  
  34  3:12  Drone  
  35  3:13  Overlord  
  35  3:24  Drone  
  35  3:25  Drone x3  
  39  3:27  Queen  
  39  3:31  Drone  
  42  3:35  Drone  
  42  3:41  Overlord  
  43  3:43  Queen  
  43  3:47  Drone x2  
  43  3:48  Drone  
  48  3:53  Drone  
  48  3:54  Drone  
  48  3:55  Drone x2  
  52  4:00  Queen  
  54  4:03  Drone x2  
  54  4:07  Queen  
  58  4:14  Drone  
  58  4:15  Overlord  
  59  4:17  Drone  
  59  4:20  Drone x4  
  59  4:23  Overlord  
  64  4:25  Drone  
  65  4:32  Overlord  
  65  4:33  Queen  
  65  4:34  Spore Crawler  
  65  4:37  Spore Crawler  
  65  4:38  Extractor  
  64  4:39  Spore Crawler  
  64  4:42  Queen  
  64  4:44  Zergling x2  
  65  4:55  Zergling x18  
  72  5:05  Zergling x8  
  72  5:06  Zergling x4  
  76  5:09  Zergling x4  
  72  5:25  Zergling x2  
  72  5:26  Zergling x8  
  65  5:29  Drone  
  65  5:30  Drone  
  65  5:32  Lair  
  67  5:36  Roach Warren  
  67  5:37  Drone  
  67  5:39  Drone  
  68  5:44  Drone x5  
  68  5:45  Drone  
  73  5:51  Overlord  
  73  5:55  Overlord x2  
  73  6:00  Overlord  
  73  6:01  Extractor x2  
  59  6:12  Zergling x8  
  59  6:17  Roach x2  
  64  6:21  Roach  
  64  6:22  Evolution Chamber x2  
  64  6:23  Roach x2  
  64  6:25  Roach x2  
  72  6:28  Overlord  
  72  6:29  Roach  
  72  6:31  Roach x4  
  82  6:34  Roach x2  
  82  6:36  Glial Reconstitution  
  82  6:38  Roach  
  88  6:43  Roach  
  89  6:53  Drone x2  
  89  6:54  Drone  
  91  6:56  Overlord  
  91  6:58  Drone  
  92  7:02  Drone x2  
  92  7:03  Drone  
  92  7:04  Drone  
  92  7:05  Hatchery  
  95  7:13  Drone  
  95  7:14  Zerg Ground Armor Level 1  
  95  7:15  Zerg Missile Weapons Level 1  
  96  7:16  Drone  
  96  7:20  Drone  
  96  7:21  Drone x3  
  101  7:23  Overlord  
  101  7:27  Extractor  
  101  7:28  Drone x3  
  103  7:36  Overlord x2  
  101  7:39  Drone x6  
  101  7:41  Extractor  
  101  7:43  Overlord  
  106  7:45  Drone  
  106  7:51  Roach x3  
  113  7:52  Ravager x3  
  113  7:55  Hatchery  
  113  7:57  Roach  
  117  8:02  Overlord  
  117  8:03  Roach x2  
  121  8:07  Roach x2  
  127  8:13  Roach x4  
  127  8:17  Roach x3  
  139  8:20  Overlord  
  139  8:22  Overseer  
  139  8:26  Overlord  
  139  8:29  Overlord  
  139  8:31  Roach x2  
  143  8:35  Overlord  
  143  8:38  Roach  
  144  8:46  Overlord  
  144  8:47  Roach x2  
  147  8:54  Roach x6  
  157  8:58  Roach x3  
  163  9:08  Roach x3  
  164  9:12  Roach x3  
  164  9:14  Roach  
  174  9:17  Roach  
  174  9:19  Roach x2  
  177  9:25  Roach x3  
  177  9:29  Drone x3  
  177  9:30  Roach x4  
  186  9:32  Ravager x6  
  186  9:34  Overlord x2  
  192  9:39  Overlord  
  192  9:41  Zerg Ground Armor Level 2  
  192  9:45  Zerg Missile Weapons Level 2  
  182  9:50  Roach  
  182  9:51  Roach x3  
  170  9:56  Ravager x2  
  170  9:57  Ravager  
  169  10:00  Roach x4  
  169  10:01  Roach  
  179  10:07  Roach x3  
  179  10:11  Ravager  
  179  10:12  Roach x2  
  190  10:18  Drone  
  190  10:20  Roach x2  
  190  10:21  Infestation Pit  
  194  10:22  Ravager  
  195  10:34  Overlord  
  174  10:48  Roach x11  
  166  10:50  Roach x2  
  146  11:04  Roach  
  146  11:09  Roach x3  
  146  11:10  Roach x5  
  162  11:12  Hive  
  162  11:17  Roach x3  
  155  11:27  Roach x3  
  155  11:30  Spore Crawler x2  
  155  11:31  Spore Crawler  
  137  11:33  Roach x2  
  138  11:41  Ravager x2  
  138  11:42  Overseer  
  138  11:43  Roach x2  
  138  11:44  Roach  
  138  11:45  Roach  
  148  11:48  Roach  
  146  11:56  Roach x3  
  120  12:01  Roach  
  120  12:02  Roach  
  124  12:09  Roach x4  
  127  12:16  Roach, Ravager  
  127  12:17  Ravager  
  131  12:26  Roach x4  
  138  12:30  Roach x2  
  138  12:35  Ravager  
  143  12:43  Roach x4  
  129  12:50  Tunneling Claws  
  115  12:51  Burrow  
  115  12:53  Drone  
  115  12:54  Drone x3  
  115  12:58  Roach x2  
  121  13:03  Roach  
  121  13:04  Roach, Ravager  
  126  13:12  Roach x3  
  132  13:17  Roach  
  132  13:19  Extractor  
  133  13:20  Roach x2  
  133  13:21  Extractor  
  133  13:25  Roach x2  
  142  13:27  Roach x3  
  146  13:36  Drone  
  146  13:37  Roach  
  146  13:38  Roach x2  
  153  13:50  Roach x6  
  153  13:51  Roach  
  167  14:01  Drone x5  
  164  14:16  Roach x31  
  164  14:19  Roach  
  164  14:24  Roach x3  
  164  14:25  Roach x3  
  176  14:32  Roach x3  
  170  14:44  Roach x24  
  170  14:45  Roach x9  
  150  14:47  Roach x6  
  156  14:54  Roach x2  
  156  14:55  Roach x2  
  156  14:59  Roach x2  
  168  15:05  Roach x2  
  168  15:06  Roach  
Tags
 
Add a new tag
Caveats
  • Supply blocks, unpowered buildings, or Contaminate may cause inaccurate times.
  • Supply counts are checked every 10 seconds.